 Dungeon Crawl Stone Soup version 0.20.1-1-g8b1a95d (webtiles) character file.

20 Lolz0soPolar the Caller (level 2, 0/15 HPs)
             Began as a Deep Elf Summoner on Aug 1, 2017.
             Killed from afar by a white imp (8 damage)
             ... with a puff of frost
             ... summoned by Natasha
             ... on level 2 of the Dungeon.
             The game lasted 00:10:24 (1028 turns).

Lolz0soPolar the Caller (Deep Elf Summoner)         Turns: 1028, Time: 00:10:27

Health: 0/15       AC:  2    Str:  5    XL:     2   Next: 58%
Magic:  1/8        EV: 13    Int: 19    God:
Gold:   30         SH:  0    Dex: 15    Spells: 4/7 levels left

rFire    . . .     SeeInvis .   (no weapon)
rCold    . . .     Gourm    .   (no shield)
rNeg     . . .     Faith    .   a - +0 robe
rPois    .         Spirit   .   (no helmet)
rElec    .         Reflect  .   (no cloak)
rCorr    .         Harm     .   (no gloves)
MR       .....                  (no boots)
Stlth    ++........             (no amulet)
Regen    0.1/turn               (no ring)
MPRegen  0.2/turn               (no ring)

@: no status effects
A: no striking features
a: no special abilities


You were on level 2 of the Dungeon.
You were not hungry.

You visited 1 branch of the dungeon, and saw 2 of its levels.

You collected 30 gold pieces.

Inventory:

Armour
 a - a +0 robe (worn)
Scrolls
 f - a scroll of magic mapping {unknown}
 g - a scroll of fear {unknown}
 i - a scroll of teleportation {unknown}
 j - a scroll of remove curse {unknown}
Potions
 d - a potion of flight {unknown}
 e - a potion of invisibility {unknown}
 h - a potion of lignification {unknown}
Books
 b - a book of Callings

   Spells                             Type                      Level
   a - Summon Small Mammal            Summoning                    1
   b - Call Imp                       Summoning                    2
   c - Call Canine Familiar           Summoning                    3
   d - Summon Guardian Golem          Hexes/Summoning              3
   e - Summon Lightning Spire         Summoning/Air                4
   f - Summon Ice Beast               Ice/Summoning                4
Comestibles
 c - 2 bread rations
 k - 3 chunks of flesh
 l - a fruit


   Skills:
 - Level 2.4 Dodging
 - Level 2.4 Stealth
 - Level 3.0 Spellcasting
 + Level 5.2 Summonings


You had 4 spell levels left.
You knew the following spells:

 Your Spells              Type           Power        Failure   Level  Hunger
a - Summon Small Mammal   Summ           ###.         1%          1    None
b - Call Imp              Summ           ###.....     2%          2    ##.....


Dungeon Overview and Level Annotations

Branches:
Dungeon (2/15)

Altars:

Annotations:
D:2 Natasha


Message History

You swap places.
Natasha wildly gestures.
Natasha glows brightly for a moment.
The crimson imp hits you.
Your crimson imp closely misses Natasha.
Your crimson imp blinks!
The kobold shouts!
The crimson imp completely misses your crimson imp.
Your crimson imp hits Natasha.
Your crimson imp blinks!
The white imp barely misses your crimson imp.
There are monsters nearby!
Your crimson imp barely misses the white imp.
The kobold throws a stone.
The stone closely misses you.
The crimson imp misses your crimson imp.
The white imp gestures at you.
The puff of frost misses your crimson imp.
The puff of frost hits you!
Ouch! That really hurt!
You die...

#.#
#.###.####.#
... #5# #...
.# ... ###<#
##### ##
#...# #
#5### ##.#
#.# #..K.#.#
#......####
#.......@.#
#...####5###
#...#..55..#
#.. #.5.h§5#
#...<......#
#####§.....#
#......#
#......#
########


You could see Natasha, a crimson imp, a white imp, a kobold and 3 friendly
crimson imps.

Vanquished Creatures (collateral kills)
  An ooze (D:1)
  3 worms (D:2)
  2 dart slugs
  A leopard gecko (D:1)
  3 bats (D:1)
  A giant cockroach (D:1)
  A hobgoblin (D:1)
  A quokka (D:2)
  A frilled lizard (D:2)
  A kobold (D:1)
  2 rats (D:1)
17 creatures vanquished.

Notes
Turn   | Place    | Note
-------+----------+-------------------------------------------
     0 | D:1      | Lolz0soPolar the Deep Elf Summoner began the quest for the Orb.
     0 | D:1      | Reached XP level 1. HP: 10/10 MP: 6/6
   283 | D:1      | Reached XP level 2. HP: 14/15 MP: 5/8
   287 | D:1      | Learned a level 2 spell: Call Imp
   560 | D:2      | Reached skill level 5 in Summonings
  1021 | D:2      | Noticed Natasha
  1025 | D:2      | Noticed a crimson imp
  1028 | D:2      | Killed from afar by a white imp

Skill      XL: |  1  2 |
---------------+-------+-----
Summonings     | 5 |  5.2
Dodging        | |  2.4
Stealth        | |  2.4
Spellcasting   | |  3.0

Action                   || total
-------------------------++-------
Melee: Unarmed           ||     1
 Cast: Summon Small Mamm ||    33
       Call Imp          ||    16
  Eat: Chunk             ||     1
Armor: Robe              ||     7
Dodge: Dodged            ||    17
